 Dungeon Crawl Stone Soup version 0.31-a0-691-g409c26aa35 (webtiles) character file.

Game seed: 10842230351485246983

69 qw the Shooter (level 4, -4/28 HPs)
             Began as a Gargoyle Hunter on Sept 6, 2023.
             Blown up by Ijyb (8 damage)
             ... with a mindburst bolt
             ... on level 3 of the Dungeon.
             The game lasted 00:00:35 (1345 turns).

qw the Shooter (Gargoyle Hunter)                    Turns: 1345, Time: 00:00:36

Health: -4/28      AC: 10    Str: 14    XL:     4   Next: 20%
Magic:  4/4        EV: 11    Int: 10    God:
Gold:   157        SH:  0    Dex: 15    Spells: 3/3 levels left

rFire   . . .        Y - +0 shortbow
rCold   . . .        (shield currently unavailable)
rNeg    + . .        g - +0 ring mail
rPois   inf          c - +0 helmet
rElec   +            (no cloak)
rCorr   .            (no gloves)
SInv    .            (no boots)
Will    .....        j - amulet of faith
Stlth   +            (no ring)
HPRegen 0.24/turn    (no ring)
MPRegen 0.09/turn

%: faith
@: no status effects
A: sickness immunity, AC +3, negative energy resistance 1, electricity
resistance, torment resistance 1, petrification resistance
a: no special abilities


You were on level 3 of the Dungeon.
You visited 1 branch of the dungeon, and saw 3 of its levels.

You collected 157 gold pieces.


Innate Abilities, Weirdness & Mutations

You are immune to sickness and miasma.
Your stone body is resilient. (AC +3)
You are immune to poison.
You resist negative energy. (rN+)
You are resistant to electric shocks. (rElec)
You are resistant to unholy torment.
You are immune to petrification.


   Skills:
 - Level 3.0 Fighting
 + Level 5.0 Ranged Weapons
 - Level 1.5 Armour
 - Level 1.5 Dodging
 - Level 1.1 Stealth


You had 3 spell levels left.
You didn't know any spells.
Your spell library was empty.

Inventory:

Hand Weapons
 Y - a +0 shortbow (weapon)
Armour
 c - a +0 helmet (worn)
 g - a +0 ring mail (worn)
Jewellery
 b - an amulet of reflection
 j - an amulet of faith (around neck)
Scrolls
 a - 5 scrolls of identify
 e - a scroll of teleportation {unknown}
Potions
 d - 2 potions of curing

Dungeon Overview and Level Annotations

Branches:
Dungeon (3/15)

Altars:

Annotations:
D:3 Ijyb


Message History

a +1 dagger of flaming; a +0 chain mail; a hobgoblin corpse A bat comes into view.
You shoot an arrow. The arrow hits the bat.
The bat is severely wounded.
You shoot an arrow. The arrow barely misses the bat.
The bat closely misses you.
You shoot an arrow. The arrow hits the bat.
You kill the bat!
Ijyb the Twisted Goblin comes into view.
She is wielding a +0 spectral club, wearing a +0 leather armour of poison resistance and carrying a wand of mindburst.
Found a coppery potion.
You shoot an arrow. The arrow hits Ijyb but does no damage.
You shoot an arrow. The arrow misses Ijyb.
Ijyb zaps a wand.
Your mind is blasted!
You shoot an arrow. The arrow hits Ijyb.
Ijyb is lightly wounded.
You shoot an arrow. The arrow hits Ijyb.
Ijyb is moderately wounded.
Ijyb screams, "You nasty!
Big nasty!"
Ijyb zaps a wand.
Your mind is blasted!
You shoot an arrow. The arrow hits Ijyb.
Ijyb is moderately wounded.
You shoot an arrow. The arrow hits Ijyb but does no damage.
Ijyb is moderately wounded.
Ijyb zaps a wand.
Your mind is blasted!
You shoot an arrow. The arrow closely misses Ijyb.
You shoot an arrow. The arrow closely misses Ijyb.
Ijyb screams, "Level is mine!
All mine!"
Ijyb hits you with a +0 spectral club.
The +0 spectral club hits you but does no damage.
A +0 spectral club comes into view.
You shoot an arrow. The arrow hits Ijyb but does no damage.
Ijyb is moderately wounded.
Ijyb hits you but does no damage. The +0 spectral club hits you.
You shoot an arrow. The arrow hits Ijyb.
Ijyb is heavily wounded.
The +0 spectral club hits you but does no damage.
The +0 spectral club hits you.
The +0 spectral club closely misses you.
Ijyb zaps a wand.
Your mind is blasted!
You die...

. # ##+#####
..#.#......# #
...#......##.#
######..........
###....###......####
##........##....%...#
#..######..#...@(...#
##.##.......##.##g...#
#..#.....%...#.# .......
#..#..##[)...#.# ......#
#..#..##..#%%..##.......
#..#......#.....#...!...
##.##....##.....#.......
#..######......#.......
##........#....#


You could see a +0 spectral club and Ijyb.

Vanquished Creatures
  2 adders
  A worm (D:2)
  A dart slug (D:1)
  5 ball pythons
  2 endoplasms
  4 giant cockroaches
  4 goblins
  5 hobgoblins
  A jackal (D:3)
  3 quokkas
  6 bats
  5 kobolds
  2 rats
41 creatures vanquished.

Notes
Turn   | Place    | Note
-------+----------+-------------------------------------------
     0 | D:1      | qw the Gargoyle Hunter began the quest for the Orb.
     0 | D:1      | Reached XP level 1. HP: 12/12 MP: 1/1
     0 | D:1      | 0 ||| qw: Version: 0.3-a-76-g4403597
     0 | D:1      | 0 ||| qw: Game counter: 31
     0 | D:1      | 0 ||| qw: Melee chars always use a shield: true
     0 | D:1      | 0 ||| qw: God list: Okawaru
     0 | D:1      | 0 ||| qw: Allow faded altars: false
     0 | D:1      | 0 ||| qw: Do Orc after clearing Dungeon:15 true
     0 | D:1      | 0 ||| qw: Do second Lair branch before Depths: true
     0 | D:1      | 0 ||| qw: Lair rune preference: random
     0 | D:1      | 0 ||| qw: Goals: Normal
     0 | D:1      | 0 ||| PLANNING D:1-11
   102 | D:1      | Reached XP level 2. HP: 6/17 MP: 2/2
   103 | D:1      | HP: 4/17 [kobold/+0 short sword (3)]
   106 | D:1      | HP: 1/17 [kobold/+0 short sword (4)]
   380 | D:1      | Reached XP level 3. HP: 21/21 MP: 3/3
   499 | D:1      | Reached skill level 5 in Ranged Weapons
   500 | D:1      | 500 ||| UPGRADING to +0 ring mail.
   510 | D:1      | 510 ||| DROPPING +0 leather armour.
   511 | D:1      | 511 ||| UPGRADING to amulet of faith.
   516 | D:1      | 516 ||| READING 3 scrolls labelled VEUBAVUIMP.
   517 | D:1      | 517 ||| READING scroll labelled CEUXKEBAPTO.
   518 | D:1      | 518 ||| DRINKING 2 amethyst potions.
   519 | D:1      | 519 ||| READING 2 scrolls of identify.
   519 | D:1      | 519 ||| IDENTIFYING silvery potion
   520 | D:1      | 520 ||| DROPPING scroll of butterflies.
   521 | D:1      | 521 ||| DROPPING potion of invisibility.
   621 | D:2      | Reached skill level 1 in Armour
  1178 | D:2      | Found a faded altar of an unknown god.
  1220 | D:2      | 1220 ||| UPGRADING to +0 helmet.
  1225 | D:2      | 1225 ||| READING 4 scrolls of identify.
  1225 | D:2      | 1225 ||| IDENTIFYING fuming black potion
  1226 | D:2      | 1226 ||| DROPPING potion of attraction.
  1266 | D:3      | Reached XP level 4. HP: 25/27 MP: 4/4
  1285 | D:3      | Reached skill level 3 in Fighting
  1335 | D:3      | Noticed Ijyb
  1344 | D:3      | HP: 6/28 [+0 spectral club[Ijyb] (2)]
  1345 | D:3      | Blown up by Ijyb

Levels and vault maps discovered:
D:1:      elethiomel_arrival_quiet, layout_rooms
D:2:      layout_loops_ring, ebering_ecumenical_altar_rust
D:3:      layout_basic, mainiacjoe_overflow_24_doors,
          minmay_randomly_rotated_circles, uniq_robin, uniq_ijyb

Skill      XL: |  1  2  3  4 |
---------------+-------------+-----
Ranged Weapons | 5 |  5.0
Armour         | 1 |  1.5
Fighting       | 3 |  3.0
Dodging        | |  1.5
Stealth        | |  1.1

Action                     |  1- 3 |  4- 6 || total
---------------------------+-------+-------++-------
   Fire: Shortbow          |   122 |    26 ||   148
    Use: Scroll            |     4 |       ||     4
         Potion            |     1 |       ||     1
 Armour: Leather armour    |    25 |       ||    25
         Ring mail         |    26 |    15 ||    41
  Dodge: Dodged            |    36 |     9 ||    45

Table legend:
 A = Non-vault XP
 B = Vault XP
 C = Vault XP percentage of total XP
 D = Non-vault monster count
 E = Vault monster count
 F = Vault count percentage of total count
                 A         B        C        D         E       F
            +---------+---------+-------+---------+---------+-------
      Total |      76 |      23 |  23.2 |      35 |       6 |  14.6
            +---------+---------+-------+---------+---------+-------
        D:1 |      39 |       0 |   0.0 |      21 |       0 |   0.0
        D:2 |      36 |       0 |   0.0 |      13 |       0 |   0.0
        D:3 |       1 |      23 |  95.8 |       1 |       6 |  85.7
            +---------+---------+-------+---------+---------+-------
